 Dungeon Crawl Stone Soup version 0.27-a0-1065-ge809cff456 (webtiles) character file.

Game seed: 15009405827871113757

53 Feb132020 the Vexing (level 3, -3/20 HPs)
             Began as a Deep Elf Enchanter on Apr 23, 2021.
             Slain by a kobold
             ... wielding a +0 short sword
              (6 damage)
             ... on level 2 of the Dungeon.
             The game lasted 00:11:25 (3325 turns).

Feb132020 the Vexing (Deep Elf Enchanter)           Turns: 3325, Time: 00:11:26

Health: -3/20      AC:  2    Str:  5    XL:     3   Next: 62%
Magic:  9/9        EV: 13    Int: 19    God:
Gold:   83         SH:  0    Dex: 16    Spells: 2/8 levels left

rFire    . . .     SeeInvis .   f - +1 dagger (protect)
rCold    . . .     Faith    .   (no shield)
rNeg     . . .     Spirit   .   b - +0 robe
rPois    .         Reflect  .   (no helmet)
rElec    .         Harm     .   (no cloak)
rCorr    .         Rampage  .   (no gloves)
Will     .....                  (no boots)
Stlth    +++.......             (no amulet)
HPRegen  0.06/turn              (no ring)
MPRegen  0.11/turn              (no ring)

@: no status effects
A: no striking features
a: no special abilities


You were on level 2 of the Dungeon.
You visited 1 branch of the dungeon, and saw 3 of its levels.

You collected 83 gold pieces.

Inventory:

Hand Weapons
 a - a +1 dagger
 f - a +1 dagger of protection (weapon)
Armour
 b - a +0 robe (worn)
Scrolls
 c - a scroll of teleportation
 d - a scroll of noise {unknown}
Potions
 e - a potion of resistance {unknown}
 g - a potion of lignification {unknown}


   Skills:
 + Level 0.3 Fighting
 + Level 1.4 Short Blades
 + Level 2.8 Dodging
 + Level 4.4 Stealth
 + Level 3.3 Spellcasting
 + Level 4.5 Hexes
 * Level 0.9 Ice Magic


You had 2 spell levels left.
You knew the following spells:

 Your Spells              Type           Power      Damage    Failure   Level
a - Corona                Hex            22%        N/A       2%          1
b - Ensorcelled Hibernat  Hex/Ice        26%        N/A       7%          2
c - Confusing Touch       Hex            20%        N/A       7%          3

Your spell library contained the following spells:

 Spells                   Type           Power      Damage    Failure   Level
 Tukima's Dance           Hex            20%        N/A       7%          3
 Dazzling Flash           Conj/Hex       22%        N/A       17%         3


Dungeon Overview and Level Annotations

Branches:
Dungeon (3/15)

Altars:

Annotations:
D:2 1 exclusion, Natasha


Message History

The adder bites you but does no damage.
You closely miss the adder.
The adder is heavily wounded.
The adder closely misses you. The adder bites you.
You hit the adder.
The adder is severely wounded.
The adder bites you but does no damage.
You hit the adder but do no damage.
The adder is severely wounded.
The adder bites you but does no damage.
You hit the adder.
You kill the adder!
Magic restored.
A black bear comes into view.
A rat comes into view.
The rat bites you.
Found a stone staircase leading down.
The black bear growls angrily.
You hit the rat.
Your weapon exudes an aura of protection.
You kill the rat!
A hobgoblin comes into view.
There is a stone staircase leading down here.
Okay, then.
The black bear completely misses you. The black bear claws you.
The black bear claws you but does no damage.
There is a stone staircase leading up here.
Okay, then.
The black bear bites you!
* * * LOW HITPOINT WARNING * * *
The black bear claws you.
* * * LOW HITPOINT WARNING * * *
The black bear claws you but does no damage.
You climb upwards.
Level annotation: 1 exclusion, Natasha The bat closely misses you.
The kobold hits you with a +0 short sword.
* * * LOW HITPOINT WARNING * * *
The kobold hits you with a +0 short sword.
You die...

.............).....#
#.......#....#.#.#####
#.........#.##........
.....#.#.#.##...####.
#.(.....<#.....## #.
#....#.########### #.
#.#....<.........###)
#.#..##.####..#......
####..h@##.####..#.#####
.......K...#.......#
.....b...⌠...#.#####
.................#
.............#.#.#
............##.#.#
...............#S#
...........###.#.#
...........# #.#.###


You could see a black bear, a bat and a kobold.

Vanquished Creatures
  An adder (D:3)
  4 dart slugs
  2 ball pythons (D:1)
  An endoplasm (D:1)
  A giant cockroach (D:1)
  5 goblins
  6 hobgoblins (D:1)
  A quokka (D:1)
  2 bats (D:1)
  3 frilled lizards
  7 kobolds
  2 rats
35 creatures vanquished.

Vanquished Creatures (others)
  4 plants (D:3)
4 creatures vanquished.

Grand Total: 39 creatures vanquished

Notes
Turn   | Place    | Note
-------+----------+-------------------------------------------
     0 | D:1      | Feb132020 the Deep Elf Enchanter began the quest for the
                  | Orb.
     0 | D:1      | Reached XP level 1. HP: 10/10 MP: 6/6
   179 | D:1      | Reached XP level 2. HP: 2/15 MP: 8/8
   506 | D:1      | Learned a level 2 spell: Ensorcelled Hibernation
  2153 | D:1      | Reached XP level 3. HP: 19/19 MP: 9/9
  2398 | D:1      | Learned a level 3 spell: Confusing Touch
  2441 | D:2      | Noticed Natasha
  3296 | D:3      | Noticed a black bear
  3325 | D:2      | Slain by a kobold

Illustrated notes

Levels and vault maps discovered:
D:1:      tarquinn_simple_flora_water_d, layout_loops_corners,
          minmay_misc_feat_pillars, chequers_jeans
D:2:      layout_basic, hangedman_feature_mirror, uniq_natasha,
          uniq_crazy_yiuf_cottage
D:3:      layout_loops_ring, tso_metal_star, nicolae_hepliaklqana_hazy_memory,
          evilmike_ruin_ashenzari, gammafunk_temple_overflow_elements,
          shapermc_ecumenical_altar_venn, kennysheep_generic_room_10

Skill      XL: |  1 |
---------------+----+-----
Stealth        | 4 |  4.4
Fighting       | |  0.3
Short Blades   | |  1.4
Dodging        | |  2.8
Spellcasting   | |  3.3
Hexes          | |  4.5
Ice Magic      | |  0.9

Action                   || total
-------------------------++-------
Melee: Dagger            ||   160
 Cast: Corona            ||    27
       Ensorcelled Hiber ||     1
  Use: Scroll            ||     1
 Stab: Sleeping          ||     7
Armor: Robe              ||    35
Dodge: Dodged            ||   101

Table legend: (Time is in decaauts)
 A = Elapsed time spent in this place.
 B = Non-inter-level travel time spent in this place.
 C = Inter-level travel time spent in this place.
 D = Time resting spent in this place.
 E = Time spent auto-exploring this place.
 F = Levels seen in this place.
 G = Mean time per level.
                   A        B        C        D        E       F      G
               +--------+--------+--------+--------+--------+-----+--------+
         Total |   3319 |   3138 |    181 |    275 |   2406 |   3 | 1106.3 |
       Dungeon |   3319 |   3138 |    181 |    275 |   2406 |   3 | 1106.3 |
               +--------+--------+--------+--------+--------+-----+--------+

Top non-repeatable levels by time:
     D:1: 3007 daAuts
     D:2: 230 daAuts
     D:3: 81 daAuts
